 Dungeon Crawl Stone Soup version 0.30.0-29-ga12c61a403 (webtiles) character file.

Game seed: 15176744977678708247

727 AIAndy the Trooper (level 7, -5/61 HPs)
             Began as a Demonspawn Fighter on June 23, 2023.
             Was a High Priest of Ignis.
             Killed by divine providence
             ... invoked by an orc priest
              (12 damage)
             ... on level 5 of the Dungeon.
             The game lasted 00:18:45 (2466 turns).

AIAndy the Trooper (Demonspawn Fighter)             Turns: 2466, Time: 00:18:45

Health: -5/61      AC: 15    Str: 25    XL:     7   Next: 44%
Magic:  0/7        EV:  8    Int: 11    God:    Ignis [*****.]
Gold:   28         SH:  5    Dex: 12    Spells: 6/6 levels left

rFire   + . .        y - +0 long sword "Zirr" {freeze, +Blink rN+ Will+ Int+2}
rCold   . . .        c - +0 buckler
rNeg    + . .        n - +0 chain mail
rPois   .            (helmet unavailable)
rElec   .            (no cloak)
rCorr   +            (no gloves)
SInv    .            (no boots)
Will    +....        w - amulet of guardian spirit Stlth
                     t - +6 ring of strength
HPRegen 0.30/turn    o - ring of resist corrosion
MPRegen 0.10/turn

%: guardian spirit
@: fiery-armoured
A: horns 3, powered by death 1
a: Renounce Religion, Evoke Blink, Fiery Armour, Foxfire Swarm, Rising Flame


You were on level 5 of the Dungeon.
You worshipped Ignis.
Ignis was extremely pleased with you.
You visited 1 branch of the dungeon, and saw 5 of its levels.

You collected 300 gold pieces.
You spent 272 gold pieces at shops.

Inventory:

Hand Weapons
 a - a +0 rapier
 s - a +0 short sword of draining
 v - a +1 dagger of pain
 y - the +0 long sword "Zirr" (weapon) {freeze, +Blink rN+ Will+ Int+2}
   (You bought it in a shop on level 4 of the Dungeon)

   Int:       It affects your intelligence (+2).
   rN:        It protects you from negative energy.
   +Blink:    It lets you blink.
   Will:      It increases your willpower.
Missiles
 h - 4 boomerangs (quivered)
 A - a silver boomerang
Armour
 b - a +0 scale mail
 c - a +0 buckler (worn)
 d - an orb of mayhem
 n - a +0 chain mail (worn)
Magical Staves
 m - a staff of death
Jewellery
 f - a ring of ice
 o - a ring of resist corrosion (right hand)
 t - a +6 ring of strength (left hand)
 u - a ring of magical power
 w - an amulet of guardian spirit (around neck)
Scrolls
 e - 2 scrolls of enchant weapon
 i - a scroll of blinking {unknown}
 j - a scroll of identify
 k - a scroll of poison {unknown}
 r - 4 scrolls of teleportation
 x - 2 scrolls of summoning
Potions
 g - a potion of ambrosia
 l - 2 potions of flight
 p - 5 potions of curing
 q - a potion of attraction
 z - a potion of heal wounds


   Skills:
 + Level 7.7 Fighting
 - Level 1.7 Short Blades
 - Level 2.6 Armour
 - Level 4.0 Shields
 + Level 2.3 Evocations


You had 6 spell levels left.
You didn't know any spells.
Your spell library contained the following spells:

 Spells                   Type           Power      Damage    Failure   Level
 Lesser Beckoning         Tloc           0%         N/A       98%         2
 Gell's Gravitas          Tloc           0%         N/A       100%        3
 Inner Flame              Hex/Fire       0%         N/A       100%        3
 Teleport Other           Tloc           0%         N/A       100%        3
 Yara's Violent Unravell  Hex/Tmut       0%         3d3       100%        5
 Enfeeble                 Hex            0%         N/A       100%        7


Dungeon Overview and Level Annotations

Branches:
Dungeon (5/15)
 Temple: D:4-7

Altars:
Ashenzari
Trog
Uskayaw
Wu Jian
Ignis

Shops:
D:4 [[(


Innate Abilities, Weirdness & Mutations

You have a pair of large horns on your head.
You regenerate a little health from kills.


Message History

Okay, then.
Okay, then.
Okay, then.
A protective cloak of flame settles atop you.
The troll bites you.
The troll is burned by your cloak of flames.
The troll is lightly wounded.
The troll claws you but does no damage.
The troll is burned by your cloak of flames.
The troll is lightly wounded.
The troll claws you but does no damage.
The troll is burned by your cloak of flames.
The troll is moderately wounded.
You barely miss the troll. You headbutt the troll!
The troll is heavily wounded.
The troll barely misses you. The troll claws you.
The troll is burned by your cloak of flames.
The troll is severely wounded.
The troll barely misses you.
You barely miss the troll. You headbutt the troll!
The troll is almost dead.
The troll bites you!
The troll is burned by your cloak of flames.
The troll is almost dead.
You block the troll's attack. The troll claws you.
* * * LOW HITPOINT WARNING * * *
The troll is burned by your cloak of flames.
The troll is almost dead.
The troll bites you!
* * * LOW HITPOINT WARNING * * *
The troll is burned by your cloak of flames.
You kill the troll!
Your Evocations skill gained 2 levels and is now at level 2!
You have reached level 7!
Your demonic ancestry asserts itself...
The horns on your head grow some more.
An orc priest comes into view. It is wielding a +0 dagger.
The orc priest mumbles some strange prayers to Beogh against you.
Beogh smites you!
You die...

#+ .# .## ..### #
....########### .#
..............## ..#
..#^#########..####...##
# ....#####
#............ #
........# #....@.......
# ###.....#
#........#... #
###.....# #.........# #
...#+#### #.........# #
...#.# #..........# #
.....# #........#.# #.
#..#.# ##########o# .h.
#..#.# # .... #..#.# #
#.(P


You could see an orc priest.

Vanquished Creatures
  A troll (D:5)
  Menkaure (D:5)
  2 black bears (D:4)
  An orc priest (D:4)
  A hound (D:5)
  An iguana (D:5)
  7 adders
  An ufetubus (D:4)
  A worm (D:3)
  A dart slug (D:3)
  8 orcs
  4 endoplasms
  A giant cockroach (D:4)
  5 goblins
  3 hobgoblins
  A quokka (D:1)
  5 ball pythons
  A bat (D:1)
  5 frilled lizards
  2 kobolds
  5 rats
57 creatures vanquished.

Notes
Turn   | Place    | Note
-------+----------+-------------------------------------------
     0 | D:1      | AIAndy the Demonspawn Fighter began the quest for the Orb.
     0 | D:1      | Reached XP level 1. HP: 18/18 MP: 1/1
   115 | D:1      | Gained mutation: You have a pair of small horns on your
                  | head. [demonic ancestry]
   115 | D:1      | Reached XP level 2. HP: 24/24 MP: 2/2
   134 | D:1      | You fall into a shaft and drop 1 floor!
   264 | D:2      | Reached skill level 4 in Fighting
   325 | D:2      | Gained mutation: You regenerate a little health from kills.
                  | [demonic ancestry]
   325 | D:2      | Reached XP level 3. HP: 20/30 MP: 3/3
   942 | D:3      | Found an ornate altar of the Wu Jian Council.
  1108 | D:3      | Reached XP level 4. HP: 38/38 MP: 4/4
  1127 | D:3      | Found a faded altar of an unknown god.
  1136 | D:3      | Prayed at the altar of an unknown god.
  1136 | D:3      | Became a worshipper of Ignis, the Dying Flame
  1391 | D:4      | Found Eqeh Oce's Armour Emporium.
  1398 | D:4      | Reached skill level 5 in Fighting
  1410 | D:4      | Noticed a black bear
  1473 | D:4      | Killed a black bear
  1474 | D:4      | Reached XP level 5. HP: 27/44 MP: 5/5
  1560 | D:4      | Found Cuokue Koxa's Antique Weapon Shop.
  1597 | D:4      | Found Wiukemi's Armour Shoppe.
  1748 | D:4      | Found a broken altar of Ashenzari.
  2087 | D:4      | Bought a shimmering long sword for 272 gold pieces
  2087 | D:4      | Identified the +0 long sword "Zirr" {freeze, +Blink rN+
                  | Will+ Int+2} (You bought it in a shop on level 4 of the
                  | Dungeon)
  2127 | D:5      | Entered Level 5 of the Dungeon
  2137 | D:5      | Noticed an ice beast
  2175 | D:5      | Found a bloodstained altar of Trog.
  2175 | D:5      | Noticed a black bear
  2175 | D:5      | Noticed a black bear
  2217 | D:5      | Noticed a black bear
  2218 | D:5      | Noticed Menkaure
  2226 | D:4      | Killed a black bear
  2227 | D:4      | Reached skill level 6 in Fighting
  2227 | D:4      | Gained mutation: You have a pair of horns on your head.
                  | [demonic ancestry]
  2227 | D:4      | Reached XP level 6. HP: 49/52 MP: 4/6
  2235 | D:5      | Killed Menkaure
  2236 | D:5      | Reached skill level 7 in Fighting
  2296 | D:5      | Found a hide-covered altar of Uskayaw.
  2455 | D:5      | Noticed a troll
  2463 | D:5      | Killed a troll
  2464 | D:5      | Gained mutation: You have a pair of large horns on your
                  | head. [demonic ancestry]
  2464 | D:5      | Reached XP level 7. HP: 6/61 MP: 0/7
  2466 | D:5      | Killed from afar by an orc priest

Illustrated notes

Levels and vault maps discovered:
D:1:      amcnicky_arrival_gap_in_the_tavern_cellar, layout_rooms, nrook_uturn,
          minmay_ruptured
D:2:      layout_loops_ring
D:3:      layout_rooms, mainiacjoe_overflow_concentric_impassable,
          hellmonk_ecumenical_altar_blasted
D:4:      layout_rooms, mainiacjoe_overflow_catwalk, serial_shops,
          kennysheep_mini_moat, nicolae_stop_n_shop_2, nicolae_stop_n_shop_2,
          chequers_serial_rivers_micro_b, minivault_5
D:5:      layout_basic, trog_ov_bears_minmay, mainiacjoe_overflow_tiny_flanked,
          mainiacjoe_overflow_two_lobes, columned_hall_lemuel, uniq_menkaure

Skill      XL: |  1  2  3  4  5  6 |
---------------+-------------------+-----
Fighting       | 4 5 6 7 |  7.7
Shields        | 3 4 |  4.0
Evocations     | 2 |  2.3
Short Blades   | |  1.7
Armour         | |  2.6

Action                     |  1- 3 |  4- 6 |  7- 9 || total
---------------------------+-------+-------+-------++-------
  Melee: Rapier            |   111 |     6 |       ||   117
         Headbutt          |     8 |    15 |       ||    23
         Short sword       |       |    65 |       ||    65
         Long sword        |       |    30 |       ||    30
  Throw: Boomerang         |     1 |    18 |       ||    19
 Invoke: Fiery Armour      |       |     1 |       ||     1
    Use: Scroll            |       |     8 |       ||     8
         Potion            |       |     1 |       ||     1
 Armour: Scale mail        |    21 |       |       ||    21
         Chain mail        |    26 |    53 |       ||    79
  Dodge: Dodged            |    45 |    61 |       ||   106
  Block: Buckler           |    25 |    29 |       ||    54
